[Event "Late-Titled-Tuesday-Blitz-July-09-2024"]
[Site "Chess.com"]
[Date "2024.07.09"]
[Round "11"]
[White "Bauman_Guy"]
[Black "mishanick"]
[Result "1/2-1/2"]
[WhiteElo "2927"]
[BlackElo "3083"]
[TimeControl "180+1"]
[EndTime "16:06:53 PDT"]
[Termination "Game drawn - insufficient material"]

1. e4 e6 2. d4 d5 3. Nc3 dxe4 4. Nxe4 Bd7 5. Nf3 Bc6 6. Bd3 Nd7 7. c3 Ngf6 8. Nxf6+ Nxf6 9. O-O Bd6 10. Re1 Bxf3 11. Qxf3 c6 12. a4 a5 13. Bg5 Be7 14. Qh3 Qd5 15. Re5 Qd7 16. Rae1 h6 17. Bd2 Bd6 18. R5e2 Bc7 19. Bc4 Nd5 20. Qg4 O-O-O 21. b4 axb4 22. cxb4 Nf6 23. Qxg7 Qxd4 24. Qxf7 Qxc4 25. Qxf6 Rhf8 26.
Qc3 Qd5 27. b5 Rg8 28. g3 Rg4 29. bxc6 bxc6 30. Bxh6 e5 31. Rd2 Rd4 32. Rxd4 exd4 33. Qd3 Kb7 34. h4 Ka7 35. Bg5 Rd7 36. Rc1 Rf7 37. Bd2 Bd6 38. Qc4 Qxc4 39. Rxc4 c5 40. h5 Kb6 41. h6 Kc6 42. g4 Kd5 43. Rc1 c4 44. g5 c3 45. Bxc3 dxc3 46. Rxc3 Rf5 47.
Rh3 Rxg5+ 48. Kf1 Be5 49. h7 Bh8 50. Ke2 Ke6 51. Rh4 Rd5 52. Ke3 Kf7 53. Rg4 Bg7 54. Rh4 Rd8 55. f3 Kg6 56. Kf2 Bh6 57. a5 Kxh7 58. a6 Ra8 59. Ra4 Kg6 60. Ke2 Bf8 61.
Kd3 Kf6 62. Kc4 Ke6 63. Kb5 Kd7 64. Rd4+ Kc7 65. Rc4+ Kd7 66. Rd4+ Bd6 67. Kb6 Rb8+ 68. Ka5 Ra8 69. Kb6 Rb8+ 70. Ka5 Kc6 71. a7 Bc7+ 72.
Ka4 Ra8 73. Rc4+ Kb7 74. Kb5 Rxa7 75. Ra4 Ra8 76. Rxa8 Kxa8 77. Kc6 Kb8 78. Kd5 Kc8 79. Ke4 Kd7 80. f4 Ke7 81. f5 Kf6 82. Kd5 Kxf5 1/2-1/2

[Event "Late-Titled-Tuesday-Blitz-July-09-2024"]
[Site "Chess.com"]
[Date "2024.07.09"]
[Round "11"]
[White "WilsonPalencia21"]
[Black "Mikhal867"]
[Result "0-1"]
[WhiteElo "2566"]
[BlackElo "2471"]
[TimeControl "180+1"]
[EndTime "16:06:53 PDT"]
[Termination "Mikhal867 won on time"]

1. d4 Nf6 2. c4 g6 3. Nf3 Bg7 4.
Nc3 O-O 5. e4 d6 6. Be2 e5 7.
O-O Nc6 8. d5 Ne7 9. Ne1 Nd7 10.
Nd3 f5 11. f3 f4 12. Bd2 g5 13. h3 h5 14. Rc1 Ng6 15. Be1 Nf6 16. c5 Rf7 17.
cxd6 cxd6 18. Nf2 a6 19. a4 Bf8 20. b4 Rg7 21. Qb3 g4 22. fxg4 hxg4 23. hxg4 Nh4 24. Ncd1 Nxg4 25. Nxg4 Bxg4 26. Bxg4 Rxg4 27. Qh3 Qg5 28.
Bxh4 Qxh4 29. Qxh4 Rxh4 30. Rc7 Rh7 31. Rc2 Be7 32. Nf2 a5 33. b5 Bd8 34. Rfc1 Bb6 35. Kf1 Rh8 36. Nh3 Be3 37. Rc8+ Kg7 38. R1c7+ Kf6 39.
Rxa8 Rxa8 40. Rxb7 Rc8 41. Rd7 Rc1+ 42. Ke2 Bc5 43. b6 Rc2+ 44. Kf3 Rc3+ 45. Kg4 Rg3+ 46. Kh4 Rxg2 47. b7 Rb2 48. Ng5 Rh2+ 49. Kg4 Rb2 50. Ne6 Rb3 51. Nxc5 dxc5 52. Rc7 c4 53. d6 c3 54. d7 Ke7 55. d8=Q+ Kxd8 56. Rc8+ Kd7 57. b8=Q Rxb8 58. Rxc3 Rb4 59. Kf5 Rxa4 60. Kxe5 Ra1 61. Kxf4 a4 62. Ke5 a3 63. Rd3+ Kc6 64. Ke6 Re1 65. Rxa3 Rxe4+ 66. Kf5 Rc4 67. Ra6+ Kb5 68. Rf6 Rc5+ 69. Ke4 Rc6 70. Kd3 Rxf6 71. Kd4 Rd6+ 72. Ke5 Kc6 73. Ke4 Kc5 74. Ke5 Rc6 75. Ke4 Re6+ 76.
Kd3 Kd5 77. Kc3 Re3+ 78. Kb4 Rd3 79. Kb5 Rb3+ 80. Ka4 Kc4 81. Ka5 Kc5 0-1

[Event "Late-Titled-Tuesday-Blitz-July-09-2024"]
[Site "Chess.com"]
[Date "2024.07.09"]
[Round "11"]
[White "OverallStranger"]
[Black "c63_amg"]
[Result "1/2-1/2"]
[WhiteElo "2446"]
[BlackElo "2764"]
[TimeControl "180+1"]
[EndTime "16:07:01 PDT"]
[Termination "Game drawn by repetition"]

1. e4 c5 2. Nc3 e6 3. f4 d5 4. Nf3 a6 5. g3 Nf6 6. e5 d4 7. exf6 dxc3 8. fxg7 cxd2+ 9. Qxd2 Qxd2+ 10. Bxd2 Bxg7 11. O-O-O b5 12. Bg2 Bb7 13. Be3 Nd7 14. Rd2 O-O-O 15. Rhd1 c4 16. Ng5 Bxg2 17. Rxg2 Rdf8 18. Rgd2 Nf6 19. Bc5 h6 20. Bxf8 Rxf8 21. Nf3 c3 22. bxc3 Ne4 23. Rg2 Nxc3 24. Rd3 Nxa2+ 25.
Kd2 Nb4 26. Ra3 Kb7 27. Ne5 Rd8+ 28. Kc1 f6 29. Nd3 Nxd3+ 30. Rxd3 Rxd3 31. cxd3 Kc6 32. Ra2 Kb6 33. d4 f5 34. Re2 Bxd4 35. Rxe6+ Kb7 36. Rxh6 a5 37. Rh5 b4 38. Rxf5 Kb6 39. Kc2 a4 40. Kd3 b3 41. Kxd4 b2 42. Rf8 Kb7 43.
Rf7+ Ka6 44. Rf6+ Ka5 45. Rf5+ Kb4 46. Rf8 Kb3 47. Rb8+ Kc2 48. Rxb2+ Kxb2 49. f5 a3 50. f6 a2 51. f7 a1=Q 52. f8=Q Qg1+ 53. Ke4 Qxh2 54.
Qb8+ Kc3 55. Qe5+ Kc4 56. Qd5+ Kb4 57. Qd4+ Kb5 58. Qd5+ Kb4 59. Kf4 Qh6+ 60. Kg4 Qg6+ 61. Qg5 Qe6+ 62. Qf5 Qe2+ 63. Qf3 Qe6+ 64. Kg5 Qg8+ 65.
Kf4 Qf7+ 66. Ke3 Qb3+ 67. Kf2 Qc2+ 68. Qe2 Qf5+ 69. Kg2 Qd5+ 70. Qf3 Qd2+ 71. Kh3 Qh6+ 72. Kg4 Qg6+ 73. Kh4 Qh6+ 74. Qh5 Qf6+ 75. Qg5 Qh8+ 76. Qh5 Qd8+ 77. Kh3 Kb3 78. g4 Qd3+ 79. Kh4 Qe3 80.
Qf5 Qe1+ 81. Kh5 Qh1+ 82. Kg6 Qc6+ 83. Qf6 Qe4+ 84. Qf5 Qc6+ 85. Kh5 Qe8+ 86. Qg6 Qh8+ 87. Kg5 Qe5+ 88. Kh6 Qh8+ 89. Qh7 Qf6+ 90. Kh5 Qf3 91. Qf5 Qh3+ 92. Kg6 Kb2 93. g5 Qg3 94. Qf6+ Kb1 95.
Kg7 Qc7+ 96. Kh6 Qh2+ 97. Kg6 Qg3 98. Qf5+ Ka1 99. Qf6+ Kb1 1/2-1/2

[Event "Late-Titled-Tuesday-Blitz-July-09-2024"]
[Site "Chess.com"]
[Date "2024.07.09"]
[Round "11"]
[White "Jahonas"]
[Black "Nf3c5"]
[Result "1/2-1/2"]
[WhiteElo "2448"]
[BlackElo "2631"]
[TimeControl "180+1"]
[EndTime "16:07:34 PDT"]
[Termination "Game drawn by repetition"]

1. d4 Nf6 2. Bf4 d5 3. e3 c5 4. c3 e6 5. Nd2 Bd6 6. Bg3 O-O 7.
Ngf3 Qc7 8. Bd3 Nbd7 9. O-O e5 10. dxe5 Nxe5 11. Nxe5 Bxe5 12. Nf3 Bxg3 13. hxg3 Bg4 14.
Qc2 Rfe8 15. c4 dxc4 16. Bxc4 a6 17. Rac1 Rac8 18. Rfd1 b5 19. Be2 c4 20. a4 Qa5 21.
axb5 axb5 22. Rd4 h6 23. Rcd1 Be6 24. Nh4 Rc5 25. b3 Rec8 26. bxc4 bxc4 27. Rc1 c3 28. Nf3 Rb8 29. Ra4 Qc7 30. Nd4 Bd5 31.
Qd1 Be4 32. Bf3 c2 33. Qe1 Bg6 34.
Raa1 h5 35. Qe2 Rb2 36. Ra8+ Kh7 37. Qd2 Rb1 38. Ra1 Rxc1+ 39. Rxc1 Qe5 40. Be2 Qc7 41.
Bd3 Bxd3 42. Qxd3+ g6 43. Rxc2 Rxc2 44. Nxc2 Ng4 45. Ne1 Qc1 46. Qe2 Qc5 47. Nf3 Kg7 48. e4 Qc1+ 49. Qe1 Qc6 50. e5 Qd5 51. Nh2 Nxe5 52.
Nf1 Nd3 53. Qc3+ Kh7 54. Ne3 Qe4 55. Qd2 Ne5 56. Qe2 Ng4 57. Kf1 Nh2+ 58. Kg1 Ng4 59. Kf1 Nf6 60. f3 Qb1+ 61. Kf2 Qb6 62. Kf1 Qd4 63.
Nd1 Qd6 64. Nf2 Qxg3 65. Ne4 Qe5 66. Nxf6+ Qxf6 67. Qe4 Qa1+ 68. Kf2 Qa2+ 69. Kf1 Qb2 70. Qe7 Kg7 71. Qd7 Qa1+ 72. Kf2 Qf6 73. Kf1 h4 74. Qd3 Qg5 75. Kf2 Qg3+ 76. Kf1 h3 77. gxh3 Qxh3+ 78. Kf2 Qh2+ 79. Ke3 Qg1+ 80. Ke2 Qc5 81. Kf1 Qc1+ 82. Kg2 Qc5 83. Qe4 Kf6 84. Qf4+ Qf5 85. Qd4+ Qe5 86.
Qd8+ Kg7 87. Qd3 Qg5+ 88. Kf2 Qc5+ 89. Kg2 Kh6 90. Qe4 Qg5+ 91. Kf1 Qc1+ 92. Kg2 Qd2+ 93. Kf1 Qg5 94. Qb7 Qf6 95. Qd5 Kg7 96. Kg2 Qb2+ 97. Kf1 Qb4 98. Qc6 Qd4 99. Kg2 Qf6 100. Qd5 Qe6 101. Qd4+ Qf6 102. Qd5 1/2-1/2

[Event "Late-Titled-Tuesday-Blitz-July-09-2024"]
[Site "Chess.com"]
[Date "2024.07.09"]
[Round "11"]
[White "Oleksandr_Bortnyk"]
[Black "Seochesspie"]
[Result "1/2-1/2"]
[WhiteElo "3055"]
[BlackElo "2951"]
[TimeControl "180+1"]
[EndTime "16:07:37 PDT"]
[Termination "Game drawn by repetition"]

1. d4 d5 2. Nc3 Nf6 3. Bf4 a6 4. e3 e6 5. a3 c5 6. Nf3 Nc6 7.
dxc5 Bxc5 8. Bd3 Qe7 9. e4 d4 10. Ne2 e5 11. Bd2 O-O 12. O-O Be6 13. Ng3 Nd7 14.
Ng5 b5 15. b4 Bd6 16. Nf5 Bxf5 17. exf5 Nf6 18. Qf3 Rac8 19. Rae1 Nb8 20. Ne4 Nxe4 21. Rxe4 Nd7 22. Rfe1 Qd8 23. Rg4 Nf6 24. Bh6 Nxg4 25.
Qxg4 g6 26. fxg6 fxg6 27. Bxg6 Qf6 28. Bd3+ Kh8 29. Bxf8 Rxf8 30. f3 Rg8 31. Qh3 Qg7 32. Re4 Qg5 33. f4 Qg4 34. Qxg4 Rxg4 35. fxe5 Rxe4 36.
Bxe4 Bxe5 37. Bb7 Bf4 38. Bxa6 Bc1 39. Bxb5 Bxa3 40. Kf2 Bxb4 41. Kf3 Kg7 42. Ke4 Bc3 43. Kf5 h6 44. Bd3 Bb2 45. Ke6 Bc3 46. h3 Bb2 47. Kd5 Bc3 48. Ke4 Kf6 49. Be2 Bb2 50. Bf3 Bc3 51. Kd3 Bb2 52. Bc6 Bc3 53. Ba8 Kg5 54. Kc4 Kf6 55. Kb3 Kg5 56. Bf3 Kf6 57. Ka4 Kg5 58. Bd5 Kf6 59. Kb5 Kg5 60. Kc5 Kf6 61.
Kd6 Kg7 62. Ke6 Bb2 63. Kf5 Bc3 64. g3 Bb2 65. Bf3 Bc3 66. Ke4 Kf6 67. Kd3 Bb2 68. Bd1 Bc3 69. Ke4 Bb2 70. Be2 Bc3 71. Kf4 Bb2 72.
Bd3 Bc3 73. Kg4 Kg7 74. h4 Be1 75. Kf5 Bxg3 76. h5 Be1 77. Ke4 Bc3 78. Be2 Kf6 79. Bb5 Kg5 80. Be8 Kf6 81. Bg6 Kg7 82. Kd3 Bb2 83. Ke4 Bc3 84. Kd5 Kf6 85. Kc4 Bb2 86.
Kb4 Bc3+ 87. Kb3 Kg7 88. Bd3 Kf6 89. Be2 Kg7 90. Kc4 Kf6 91. Kd3 Kg7 92. Bd1 Bb2 93. Ke4 Bc3 94. Kf5 Bb2 95. Ke6 Bc3 96. Kd5 Bb2 97. Kc4 Bc3 98. Kd3 Kf6 99. Bf3 Kg5 100. Be2 Kf6 101. Ke4 Kg5 102. Bd1 Kf6 103. Kf4 Bd2+ 104.
Kg4 Bc3 105. Kf3 Kg5 106. Kg3 Be1+ 107. Kg2 Bc3 108. Be2 Kf4 109. Kf2 Bd2 110. Bd3 Bc3 111. Bg6 Bb2 112. Ke2 Bc3 113. Kd1 Ke5 114. Kc1 Kf6 115. Kb1 Kg7 116. Ka2 Kf6 117. Kb3 Kg7 118. Kc4 Kf6 119. Kd5 Kg7 120. Ke6 Bb2 121. c4 dxc3 122. Bc2 Bc1 123. Kf5 Bg5 124. Ke4 Bd2 125. Kd3 Kf6 126. Ba4 Kg5 127.
Be8 Kg4 128. Kc2 Kf3 129. Bg6 Ke3 130. Bf7 Kd4 131. Be8 Ke5 132. Bg6 Kf6 133. Kd3 Ke7 134. Kc2 Kd6 135. Kd1 Ke5 136. Kc2 Kd4 137. Kd1 Kc4 138. Kc2 Kb4 139. Bf7 Kc5 140. Be8 Kd6 141. Bg6 Ke7 142. Kd1 Kf6 143. Kc2 Ke5 144. Kd1 Kd6 145. Kc2 Ke7 146. Kd1 Kd8 147. Kc2 Kc7 148. Kd1 Kb8 149. Kc2 Kc7 150. Kd1 Kb6 151. Kc2 Ka5 152. Kd1 Kb4 153. Kc2 Ka3 154. Kd1 Kb2 155. Bf5 Kb3 156. Bc2+ Kc4 157. Bg6 Kd4 158. Bc2 Ke5 159. Bg6 Kf6 160. Kc2 Kg7 161. Kd1 Kf8 162. Kc2 Ke7 1/2-1/2

[Event "Late-Titled-Tuesday-Blitz-July-09-2024"]
[Site "Chess.com"]
[Date "2024.07.09"]
[Round "11"]
[White "GoltsevDmitry2000"]
[Black "jbking07"]
[Result "1-0"]
[WhiteElo "2787"]
[BlackElo "2491"]
[TimeControl "180+1"]
[EndTime "16:08:12 PDT"]
[Termination "GoltsevDmitry2000 won by resignation"]

1. e4 c5 2. Nf3 g6 3. d4 cxd4 4.
Qxd4 Nf6 5. Nc3 Nc6 6. Qa4 d6 7. e5 dxe5 8. Nxe5 Bd7 9. Nxd7 Nxd7 10. Bb5 Bg7 11. O-O O-O 12. Bg5 Nb6 13. Qh4 f6 14.
Be3 Qc7 15. Rfe1 Rad8 16. Rad1 e5 17. Bc5 Rfe8 18. Qg4 Kh8 19. Rxd8 Rxd8 20. Qe6 f5 21. Rd1 Rxd1+ 22. Nxd1 Qd7 23. Qxd7 Nxd7 24. Bxc6 Nxc5 25.
Bd5 a5 26. Ne3 a4 27. Nc4 e4 28. c3 b5 29. Nd6 Nd3 30. Nxb5 Nxb2 31. c4 Nd3 32.
Nd6 Bd4 33. Kf1 Nxf2 34. Bc6 Ng4 35. h3 Ne5 36. Bd5 Bc5 37. Nb7 Bd4 38. c5 Kg7 39. c6 Bb6 40. Nc5 Kf6 41. Nxa4 Bc7 42. Nc5 Ke7 43.
Nb7 Nd3 44. a3 Nf4 45. Bg8 h6 46. a4 Nd3 47. a5 Nb4 48. Bc4 Nxc6 49. a6 Bb6 50.
Bb5 Nd4 51. Bc4 f4 52. Na5 Kd6 53. Nb3 Nxb3 54. Bxb3 Ke5 55. Ke2 Kf5 56. Bf7 h5 57. Be8 g5 58. Bxh5 Ke5 59. Bg6 Kd4 60. Be8 Kc5 61. Bd7 Ba7 62. Bf5 Kd4 63. Bc8 Ke5 64. Bb7 Kd4 65. Bc6 Ke5 66. Kd1 Kd4 67. Ke1 Ke3 68. Kf1 f3 69. g3 f2 70. h4 gxh4 71.
gxh4 Kf4 72. h5 Kg5 73. Be8 e3 74. Ke2 Kh6 75. Bg6 Kg5 76. Kf1 Bd4 77. Be8 Kh6 78. Bf7 Kg7 79. Bg6 Kf6 80. Ke2 Kg5 81. Be8 Kf4 82.
h6 Kg3 83. Bc6 Kh2 84. Bb5 Kg1 85. Kf3 f1=Q+ 86. Bxf1 Kxf1 87. h7 e2 88. a7 e1=Q 89.
a8=Q Qe3+ 90. Kg4 Qe6+ 91. Kf4 Qe5+ 92. Kg4 Qg7+ 93. Kf4 Qh6+ 94. Kg4 Qg6+ 95. Kf4 Qxh7 96.
Qf3+ Bf2 97. Qd1+ Kg2 98. Qd5+ Kg1 99. Qd1+ Kh2 100. Qd5 Qh4+ 101. Kf5 Qh3+ 102. Kf6 Bh4+ 103. Ke5 Qg3+ 104. Ke6 Qf2 105. Kd7 Bg3 106. Qe6 Kg1 107. Ke8 Qd2 108. Qd7 Bf2 109. Qxd2 1-0

[Event "Late-Titled-Tuesday-Blitz-July-09-2024"]
[Site "Chess.com"]
[Date "2024.07.09"]
[Round "11"]
[White "Slovak_fighter2000"]
[Black "bubeliang"]
[Result "0-1"]
[WhiteElo "2552"]
[BlackElo "2780"]
[TimeControl "180+1"]
[EndTime "16:10:48 PDT"]
[Termination "bubeliang won on time"]

1. d4 d5 2. c4 e6 3. Nc3 Nf6 4. cxd5 exd5 5. Bg5 Be7 6. e3 h6 7. Bf4 c5 8. Nf3 c4 9. Be2 a6 10. a4 O-O 11. O-O Nc6 12. b3 Bb4 13. Rc1 Bxc3 14. Rxc3 b5 15. axb5 axb5 16. bxc4 dxc4 17. Rc1 Be6 18.
Ne5 Bd5 19. Rb1 Ne4 20. Qc2 Nxe5 21. Bxe5 Bc6 22. f3 Nf6 23. e4 Re8 24. Rfd1 Ra3 25.
Bg3 Nxe4 26. fxe4 Bxe4 27. Qd2 Bxb1 28. Rxb1 Qe7 29. Bf1 c3 30. Qc2 b4 31. d5 Qc5+ 32.
Bf2 Qxd5 33. Rxb4 Ra1 34. Qxc3 Rxf1+ 35. Kxf1 Qd1+ 36. Be1 Qe2+ 37. Kg1 Qxe1+ 38. Qxe1 Rxe1+ 39. Kf2 Re6 40. h3 g5 41. Kg3 Kg7 42. Rb5 Ra6 43. Rc5 Ra3+ 44. Kf2 Ra4 45. Rb5 Rc4 46. Kg3 Rc3+ 47.
Kf2 Rd3 48. Ra5 Rd6 49. Kg3 Rd8 50. Rb5 Re8 51. Ra5 Re1 52. Kf2 Rd1 53. Ke2 Rd4 54. Kf2 Rc4 55. Rb5 Rc2+ 56. Kf3 Ra2 57. Rc5 Ra7 58. Rb5 Ra8 59. Rb6 Rg8 60. Kg4 Rc8 61.
Kg3 Rc4 62. Kf3 Rd4 63. Kg3 Rf4 64. Ra6 Rf6 65. Ra7 Re6 66. Rb7 Kg6 67. Rb5 Re3+ 68. Kf2 Ra3 69. Rc5 Ra2+ 70. Kg3 Ra1 71. Rb5 Kh7 72.
Rb6 Rd1 73. Ra6 Rd3+ 74. Kf2 Rc3 75. Rb6 Kg7 76. Ra6 Rc4 77. Rb6 Rf4+ 78. Kg3 Rf6 79. Rb7 Re6 80. Ra7 Kg6 81. Ra5 f6 82. Ra8 Re3+ 83. Kf2 Rb3 84. Ra6 Rb7 85. Ra5 Rb2+ 86. Kf3 Rb8 87. Kf2 Rd8 88. Kf3 Rg8 89. Ra6 Rg7 90.
Ra5 Re7 91. Kf2 Re5 92. Ra6 Rf5+ 93. Kg3 Rf4 94. Ra7 Re4 95. Ra8 Rd4 96. Ra5 Rd3+ 97. Kf2 Rd1 98. Ke2 Rc1 99. Kf2 Rc2+ 100. Kg3 Rc6 101. Rb5 Ra6 102. Kf2 Ra3 103. Rc5 Rd3 104. Rb5 Kf7 105. Ra5 Rd7 106. Ra6 Kg7 107. Rb6 Rf7 108. Kf3 Ra7 109. Kf2 Ra3 110. Rc6 Ra1 111. Rc5 Kg6 112. Rc6 Rb1 113. Rc5 Rb6 114. Ra5 Rd6 115. Kf3 h5 116. Kf2 Re6 117. Rb5 Re5 118. Rb6 Kf5 119. Ra6 Rb5 120. Rc6 Rb2+ 121. Kg3 Rb3+ 122. Kf2 Ra3 123. Rc5+ Ke4 124. Rc4+ Ke5 125. Rc5+ Ke6 126. Rc6+ Kf7 127. Rc7+ Kg6 128. Rc6 Rd3 129. Rb6 Rd2+ 130. Kf3 Rd7 131. Rb5 Rf7 132. Ra5 Re7 133. Kf2 Re5 134. Ra6 Rd5 135. Rb6 Rd2+ 136. Kf3 Ra2 137. Rc6 Ra3+ 138. Kf2 Rb3 139. Ra6 Rb4 140. Ra5 Rb6 141. Kf3 f5 142. Ra8 Rb3+ 143. Kf2 Kf6 144. Ra6+ Ke5 145. Ra5+ Ke6 146. Ra6+ Ke7 147. Ra7+ Kd6 148. Ra6+ Kc7 149. Rf6 Rb5 150. Rg6 f4 151. Rh6 g4 152. hxg4 hxg4 153. Rf6 Rb4 154. Rg6 Rb2+ 155. Kf1 Rb1+ 156. Kf2 Rb2+ 157. Kf1 g3 158. Rf6 Rf2+ 159. Kg1 Kd7 160. Rf5 Ke6 161. Rf8 Ke7 162. Rf5 Kd6 163. Rf8 Kd7 164. Rf7+ Ke8 165. Rf5 Ke7 166. Re5+ Kf6 167. Re4 Kf5 168. Re1 Ra2 169. Rb1 Rd2 170. Ra1 Ke4 171. Ra4+ Ke3 172. Ra3+ Ke2 173. Ra1 Rd1+ 174. Rxd1 Kxd1 175. Kf1 Kd2 176. Kg1 Ke1 177. Kh1 f3 178. gxf3 Kf2 179. f4 g2+ 180. Kh2 g1=Q+ 181. Kh3 Qg2+ 0-1